 Dungeon Sprint DCSS version 0.26-a0-652-gafc20e3620 (webtiles) character file.

Game seed: 11868631013504167296

1628 sahdkjhfkaj the Grappler (level 8, -10/88 HPs)
             Began as a Troll Monk on Oct 2, 2020.
             Was the Champion of the Shining One.
             Mangled by a freezing wraith (18 damage)
             ... in the Dungeon (Sprint VII: "The Pits").
             The game lasted 00:03:44 (541 turns).

sahdkjhfkaj the Grappler (Troll Monk)                Turns: 541, Time: 00:03:44

Health: -10/88     AC:  6    Str: 22    XL:     8   Next: 65%
Magic:  12/12      EV: 13    Int:  6    God:    the Shining One [******]
Gold:   0          SH:  0    Dex: 12    Spells: 7/7 levels left

rFire    . . .     SeeInvis .     - Unarmed
rCold    . . .     Faith    .   (no shield)
rNeg     + + +     Spirit   .   a - +0 robe
rPois    .         Reflect  .   (helmet restricted)
rElec    .         Harm     .   (no cloak)
rCorr    .         Rampage  .   (gloves unavailable)
MR       .....     NoTele   +   (boots unavailable)
Stlth    +.........             (no amulet)
HPRegen  0.64/turn              (no ring)
MPRegen  0.13/turn              (no ring)

@: slowed, glowing, very slow
A: large, unfitting armour, claws 3, regeneration 1, shaggy fur 1, tough skin 3
a: Divine Shield, Cleansing Flame, Summon Divine Warrior, Brand Weapon With Holy
Wrath, Renounce Religion


You were in the Dungeon.
You worshipped the Shining One.
The Shining One was exalted by your worship.
You visited 1 branch

Inventory:

Armour
 a - a +0 robe (worn)
Jewellery
 i - a +3 ring of strength
 l - a +3 ring of strength
Scrolls
 b - 3 scrolls of remove curse
 g - a scroll of blinking
 h - 5 scrolls of amnesia
 j - 2 scrolls of vulnerability
Potions
 c - 12 potions of heal wounds
 d - a potion of haste
 e - 3 potions of magic
 f - 3 potions of berserk rage
 k - 6 potions of curing
 m - a potion of brilliance
 n - a potion of might


   Skills:
 + Level 7.8 Fighting
 + Level 7.8 Dodging
 - Level 1.0 Stealth
 * Level 12.5 Unarmed Combat
 + Level 7.7 Invocations


You had 7 spell levels left.
You didn't know any spells.
Your spell library was empty.

Dungeon Overview and Level Annotations

Branches:
Dungeon (1/1)

Altars:
Ashenzari
Cheibriados
Dithmenos
Elyvilon
Fedhas
Gozag
Hepliaklqana
Kikubaaqudgha
Makhleb
Nemelex Xobeh
Okawaru
Qazlal
Ru
Sif Muna
Trog
Uskayaw
Vehumet
Wu Jian
Xom
Yredelemnul
Zin
The Shining One
Beogh
Jiyva
Lugonu


Innate Abilities, Weirdness & Mutations

You are too large for most types of armour.
You have claws for hands.
Your natural rate of healing is unusually fast.
You are covered in fur. (AC +1)
You have extremely tough skin. (AC +3)


Message History

The iguana bites you.
* * * LOW HITPOINT WARNING * * *
You feel much better. The freezing wraith closely misses you.
The freezing wraith misses you. The iguana closely misses you.
Unknown command.
You don't have enough magic at the moment.
You don't have enough magic at the moment.
Magic courses through your body.
The freezing wraith hits you but does no damage.
The freezing wraith hits you! The freezing wraith drains your vigour!
You feel as though you will be slow longer.
The iguana bites you but does no damage.
The freezing wraith closely misses you. The freezing wraith hits you!
* * * LOW HITPOINT WARNING * * *
The iguana bites you!
* * * LOW HITPOINT WARNING * * *
You fail to use your ability.
The freezing wraith hits you.
* * * LOW HITPOINT WARNING * * *
The freezing wraith freezes you!!
You die...

....'................+
#####......#..#......#
#..##................#
#))#####'#####''######
#))##.......##''#
#))##.......##..##
#[[##.......##...##
#'###...<...###...##+##.
...##.......# ##@.......
...##.......# #Wl###+###
#####.......##..##
#..###########..+
#†############..#
#)#....#..[[###..
#†#....#!.[[# ##.
#.†....'..))# .
#A#.)..#..))# .#


You could see a freezing wraith and an iguana.

Vanquished Creatures
  A deep elf mage (D)
  An efreet (D)
  A freezing wraith (D)
  Eustachio (D)
  An ice beast (D)
  2 centaurs (D)
  A big kobold (D)
  A quasit (D)
  Crazy Yiuf (D)
  2 orc priests (D)
  An orc wizard (D)
  A worker ant (D)
  2 river rats (D)
  An ooze (D)
  2 orcs (D)
  A bat zombie (D)
  A giant cockroach (D)
  A goblin (D)
  A hobgoblin (D)
  2 jackals (D)
  3 quokkas (D)
  2 bats (D)
  A rat (D)
31 creatures vanquished.

Vanquished Creatures (collateral kills)
  A porcupine (D)
1 creature vanquished.

Grand Total: 32 creatures vanquished

Notes
Turn   | Place    | Note
-------+----------+-------------------------------------------
     0 | D        | sahdkjhfkaj the Troll Monk began the quest for the Orb.
     0 | D        | Reached XP level 1. HP: 22/22 MP: 0/0
    15 | D        | Reached skill level 4 in Unarmed Combat
    15 | D        | Reached XP level 2. HP: 17/29 MP: 1/1
    43 | D        | Found a bloodstained altar of Trog.
    43 | D        | Found a shimmering blue altar of Sif Muna.
    43 | D        | Found a viscous altar of Jiyva.
    43 | D        | Found a hazy altar of Hepliaklqana.
    43 | D        | Found an opulent altar of Gozag.
    44 | D        | Found a glowing golden altar of the Shining One.
    44 | D        | Found a glowing silver altar of Zin.
    44 | D        | Found a basalt altar of Yredelemnul.
    44 | D        | Found a shimmering altar of Xom.
    44 | D        | Found an ornate altar of the Wu Jian Council.
    44 | D        | Found a sacrificial altar of Ru.
    44 | D        | Found a stormy altar of Qazlal.
    44 | D        | Found an iron altar of Okawaru.
    44 | D        | Found a sparkling altar of Nemelex Xobeh.
    44 | D        | Found a burning altar of Makhleb.
    44 | D        | Found a blossoming altar of Fedhas.
    44 | D        | Found a white marble altar of Elyvilon.
    44 | D        | Found a shadowy altar of Dithmenos.
    44 | D        | Found a snail-covered altar of Cheibriados.
    45 | D        | Found a radiant altar of Vehumet.
    45 | D        | Found a corrupted altar of Lugonu.
    45 | D        | Found a roughly hewn altar of Beogh.
    46 | D        | Found an ancient bone altar of Kikubaaqudgha.
    46 | D        | Found a hide-covered altar of Uskayaw.
    46 | D        | Found a broken altar of Ashenzari.
    58 | D        | Became a worshipper of the Shining One
    58 | D        | Reached * piety under the Shining One
    58 | D        | Reached ** piety under the Shining One
   117 | D        | Reached *** piety under the Shining One
   121 | D        | Reached skill level 1 in Invocations
   173 | D        | Reached **** piety under the Shining One
   178 | D        | Noticed Crazy Yiuf
   178 | D        | Noticed a centaur
   178 | D        | Noticed a centaur
   178 | D        | Reached ***** piety under the Shining One
   187 | D        | Reached skill level 5 in Unarmed Combat
   187 | D        | Reached XP level 3. HP: 29/39 MP: 1/3
   190 | D        | Reached skill level 6 in Unarmed Combat
   190 | D        | Reached XP level 4. HP: 37/48 MP: 1/4
   194 | D        | Killed a centaur
   194 | D        | Reached skill level 7 in Unarmed Combat
   194 | D        | Reached XP level 5. HP: 30/55 MP: 1/6
   197 | D        | Killed Crazy Yiuf
   202 | D        | Reached skill level 5 in Fighting
   202 | D        | Reached skill level 5 in Dodging
   202 | D        | Reached skill level 8 in Unarmed Combat
   258 | D        | Killed a centaur
   258 | D        | Reached XP level 6. HP: 52/66 MP: 8/8
   291 | D        | Noticed a deep elf mage
   297 | D        | Killed a deep elf mage
   297 | D        | Reached skill level 10 in Unarmed Combat
   297 | D        | Reached XP level 7. HP: 59/76 MP: 8/10
   361 | D        | Reached skill level 11 in Unarmed Combat
   376 | D        | Noticed Eustachio
   376 | D        | Noticed an efreet
   384 | D        | Killed an efreet
   384 | D        | Reached ****** piety under the Shining One
   384 | D        | Reached XP level 8. HP: 79/87 MP: 5/12
   396 | D        | Killed Eustachio
   520 | D        | Noticed a freezing wraith
   526 | D        | Killed a freezing wraith
   526 | D        | Reached skill level 12 in Unarmed Combat
   529 | D        | Noticed a freezing wraith
   541 | D        | Mangled by a freezing wraith

Illustrated notes

Levels and vault maps discovered:
D:        pitsprint [storerooms_1, entrance_room_1, metal_vault_5, armoury_2,
          mini_pit_1, grid_room_1, main_hall_1, silver_pit, the_coven_3,
          the_vestibule_1, steel_vault_1, golden_pit, hallway_of_sentries,
          crystal_vault_6, iron_vault_2, final_vault]

Skill      XL: |  1  2  3  4  5  6  7  8 |
---------------+-------------------------+-----
Unarmed Combat | 4 5 6 7 8 10 11 12 | 12.5
Fighting       | 3 4 5 6 7 |  7.8
Dodging        | 3 4 5 6 7 |  7.8
Invocations    | 2 3 4 6 7 |  7.7
Stealth        | |  1.0

Action                   |  1- 3 |  4- 6 |  7- 9 || total
-------------------------+-------+-------+-------++-------
Melee: Unarmed           |    29 |    18 |    31 ||    78
       Punch             |       |     1 |     2 ||     3
Invok: Cleansing Flame   |       |       |     3 ||     3
       Summon Divine War |       |       |     1 ||     1
  Use: Potion            |     2 |       |     2 ||     4
       Scroll            |       |     1 |       ||     1
Armor: Robe              |    15 |     3 |     9 ||    27
Dodge: Dodged            |    24 |     6 |    30 ||    60

Table legend: (Time is in decaauts)
 A = Elapsed time spent in this place.
 B = Non-inter-level travel time spent in this place.
 C = Inter-level travel time spent in this place.
 D = Time resting spent in this place.
 E = Time spent auto-exploring this place.
 F = Levels seen in this place.
 G = Mean time per level.
                   A        B        C        D        E       F      G
               +--------+--------+--------+--------+--------+-----+--------+
         Total |    530 |    457 |     73 |    197 |      0 |   1 |  530.0 |
       Dungeon |    530 |    457 |     73 |    197 |      0 |   1 |  530.0 |
               +--------+--------+--------+--------+--------+-----+--------+

Top non-repeatable levels by time:
       D: 530 daAuts
